 Dungeon Sprint DCSS version 0.30.1-4-g462c640d31 (webtiles) character file.

Game seed: 1496214002687501646

10314 Heoruswealwe the Ninja (level 11, -7/53 HPs)
             Began as a Spriggan Artificer on Aug 29, 2023.
             Was an Initiate of Gozag.
             Mangled by a lorocyproca (37 damage)
             ... in the Dungeon (Sprint I: "Red Sonja").
             The game lasted 00:21:44 (1514 turns).

Heoruswealwe the Ninja (Spriggan Artificer)         Turns: 1514, Time: 00:21:45

Health: -7/53      AC:  4    Str:  8    XL:     11   Next: 34%
Magic:  1/12       EV: 35    Int: 19    God:    Gozag
Gold:   2246       SH:  0    Dex: 22    Spells: 10/10 levels left

rFire   + . .        a - +0 dagger
rCold   . . .        (no shield)
rNeg    . . .        c - +0 robe
rPois   .            g - +2 hood of the Assassin {Detect Stab+ Stlth++}
rElec   .            (no cloak)
rCorr   .            (gloves unavailable)
SInv    +            (boots unavailable)
Will    +....        (no amulet) Stlth **++++++++
                     k - ring of Exhibitionism {rF+ Int+6 Dex+2}
HPRegen 0.28/turn    (no ring)
MPRegen 0.13/turn

%: no teleportation
@: studying Short Blades, very quick
A: very small, no large weapons, unfitting armour, see invisible, speed 3
a: Renounce Religion, Potion Petition, Call Merchant, Bribe Branch


You were in the Dungeon.
You worshipped Gozag.
Gozag was most pleased with you.
You visited 1 branch You collected 5194 gold pieces.
You spent 2917 gold pieces at shops.
You donated 31 gold pieces to Zin.

Inventory:

Hand Weapons
 a - a +0 dagger (weapon)
Armour
 c - a +0 robe (worn)
 g - the +2 hood of the Assassin (worn) {Detect Stab+ Stlth++}
   (You bought it in a shop in the Dungeon)

   Detect:    It allows the wearer to sense nearby creatures.
   Stab+:     It allows the wearer to make particularly effective stabbing
   attacks against helpless or unaware enemies with any weapon.
   Stlth:     It makes you much more stealthy.
Jewellery
 k - the ring of Exhibitionism (left hand) {rF+ Int+6 Dex+2}
   (You found it in the Dungeon)

   [ring of intelligence]

   Int:       It affects your intelligence (+6).
   Dex:       It affects your dexterity (+2).
   rF:        It protects you from fire.
Wands
 d - a wand of charming (10)
 l - a wand of mindburst (4)
Scrolls
 n - 2 scrolls of enchant armour
 o - a scroll of brand weapon
 p - a scroll of blinking
 s - a scroll of immolation
 u - a scroll of fear
Potions
 f - a potion of curing
 h - 2 potions of haste
 i - 2 potions of magic
 j - a potion of berserk rage
 m - 2 potions of cancellation
 r - a potion of invisibility {unknown}
 v - 2 potions of lignification {unknown}
 w - a potion of attraction {unknown}
 x - a potion of heal wounds


   Skills:
 + Level 3.9 Fighting
 + Level 6.6 Short Blades
 + Level 18.3 Dodging
 O Level 27 Stealth
 * Level 19.2 Evocations


You had 10 spell levels left.
You didn't know any spells.
Your spell library was empty.

Dungeon Overview and Level Annotations

Branches:
Dungeon (1/1)

Altars:
Cheibriados
Dithmenos
Elyvilon
Fedhas
Gozag
Hepliaklqana
Kikubaaqudgha
Makhleb
Nemelex Xobeh
Okawaru
Qazlal
Ru
Sif Muna
Trog
Uskayaw
Vehumet
Wu Jian
Xom
Yredelemnul
Zin
The Shining One
Jiyva
Lugonu

Shops:
D [:(*(!(![?[(*=(*[**[:


Innate Abilities, Weirdness & Mutations

You are very small and have problems with some larger weapons.
You are too small for most types of armour.
You have supernaturally acute eyesight. (SInv)
You cover ground extremely quickly. (Speed+++)


Message History

The lorocyproca closely misses you.
You are too confused!
You bump into the stone wall.
You are engulfed in noxious fumes.
The lorocyproca completely misses you.
You are engulfed in noxious fumes.
The meliai calls down the wrath of its god upon you.
Something smites you!
There is an open door here.
You feel less confused. The lorocyproca completely misses you.
The lorocyproca misses you.
There is an open door here.
You open the door.
Found 18 gold pieces.
There is an open door here.
You see here 18 gold pieces.
You now have 2246 gold pieces (gained 18).
Aiming: Mindburst
Press: ? - help, Shift-Dir - straight line, f/p - lorocyproca
Aim: a lorocyproca (heavily wounded, slightly transparent, chance to affect: 16%)
The lorocyproca resists with almost no effort.
The lorocyproca barely misses you.
Aiming: Mindburst
Press: ? - help, Shift-Dir - straight line, f/p - lorocyproca
Aim: a lorocyproca (heavily wounded, slightly transparent, chance to affect: 16%)
The lorocyproca resists with almost no effort.
The lorocyproca closely misses you.
Aiming: Charm
Press: ? - help, Shift-Dir - straight line, f/p - lorocyproca
Aim: a lorocyproca (heavily wounded, slightly transparent, chance to affect: 2%)
The lorocyproca resists with almost no effort.
The lorocyproca completely misses you.
Aiming: Throw Flame
Press: ? - help, Shift-Dir - straight line, f/p - lorocyproca
Aim: a lorocyproca (heavily wounded, slightly transparent, 72% to hit)
The puff of flame misses the lorocyproca.
The now-empty wand crumbles to dust.
The lorocyproca hits you!!!
Ouch! That really hurt!
You die...
Your body crumbles into a pile of gold.

##############
#__#..'.).#.)# $${ {{
$ $ '..'..#)..##'#$###
{{ $ $
#__####...'..#$#@###{
$
####.§#####..+$#2#$###
$ $
#~~§.§#..##+####..$#y#
$$$
+~~§..+..#...°°#☼.$###
$
#§§§§)#..#.°.°.○..$$$#
$
##'#####'###○○°#.....#
$
#.§..###.+.#○○°###++##
$ ##'###.###.#.°##
....§'.∩##.#..# $$


You could see a lorocyproca (invisible).

Vanquished Creatures
  2 centaur warriors (D)
  Sonja (D)
  A deep troll (D)
  8 shining eyes (D)
  An oklob plant (D)
  A demonic crawler (D)
  A gargoyle (D)
  2 kobold demonologists (D)
  2 unseen horrors (D)
  A hornet (D)
  A slime creature (D)
  Sigmund (D)
  A yak (D)
  2 redbacks (D)
  6 floating eyes (D)
  An ogre (D)
  7 necrophages (D)
  8 jellies (D)
  Ijyb (D)
48 creatures vanquished.

Vanquished Creatures (collateral kills)
  2 demonic crawlers (D)
2 creatures vanquished.

Vanquished Creatures (others)
  A demonic crawler (D)
  2 ballistomycete spores (D)
3 creatures vanquished.

Grand Total: 53 creatures vanquished

Notes
Turn   | Place    | Note
-------+----------+-------------------------------------------
     0 | D        | Heoruswealwe the Spriggan Artificer began the quest for the
                  | Orb.
     0 | D        | Reached XP level 1. HP: 9/9 MP: 2/2
     1 | D        | Noticed Ijyb
     4 | D        | Killed Ijyb
     5 | D        | Reached skill level 6 in Stealth
     5 | D        | Reached skill level 5 in Evocations
     5 | D        | Reached XP level 2. HP: 14/14 MP: 3/3
    13 | D        | Noticed an ogre
    21 | D        | Killed an ogre
    22 | D        | Reached skill level 10 in Stealth
    22 | D        | Reached XP level 3. HP: 17/17 MP: 4/4
    22 | D        | Reached XP level 4. HP: 21/21 MP: 5/5
    37 | D        | Noticed Sigmund
    40 | D        | Killed Sigmund
    41 | D        | Reached skill level 13 in Stealth
    41 | D        | Reached XP level 5. HP: 25/25 MP: 6/6
    53 | D        | Found an ornate altar of the Wu Jian Council.
    53 | D        | Found a shimmering blue altar of Sif Muna.
    55 | D        | Found a radiant altar of Vehumet.
    66 | D        | Reached XP level 6. HP: 29/29 MP: 7/7
    94 | D        | Found Laent's General Store.
    94 | D        | Found an ancient bone altar of Kikubaaqudgha.
    94 | D        | Found a hazy altar of Hepliaklqana.
    94 | D        | Found a stormy altar of Qazlal.
    94 | D        | Found a hide-covered altar of Uskayaw.
    94 | D        | Found a blossoming altar of Fedhas.
    94 | D        | Found a bloodstained altar of Trog.
    94 | D        | Found an iron altar of Okawaru.
    94 | D        | Found a basalt altar of Yredelemnul.
    94 | D        | Found a glowing golden altar of the Shining One.
    94 | D        | Found a snail-covered altar of Cheibriados.
    94 | D        | Found a sacrificial altar of Ru.
    94 | D        | Found a glowing silver altar of Zin.
    94 | D        | Found a shadowy altar of Dithmenos.
    94 | D        | Found a white marble altar of Elyvilon.
    94 | D        | Noticed a yak
    95 | D        | Found an opulent altar of Gozag.
    96 | D        | Killed a yak
    97 | D        | Reached skill level 10 in Dodging
    97 | D        | Reached skill level 15 in Stealth
    97 | D        | Reached skill level 10 in Evocations
    97 | D        | Found a sparkling altar of Nemelex Xobeh.
   102 | D        | Became a worshipper of Zin the Law-Giver
   102 | D        | Reached * piety under Zin
   102 | D        | Reached ** piety under Zin
   102 | D        | Reached *** piety under Zin
   102 | D        | Reached **** piety under Zin
   102 | D        | Reached ***** piety under Zin
   102 | D        | Reached ****** piety under Zin
   111 | D        | Noticed Sonja
   115 | D        | Killed Sonja
   116 | D        | Reached skill level 18 in Stealth
   116 | D        | Reached XP level 7. HP: 32/32 MP: 8/8
   131 | D        | Found Etasief's Armour Boutique.
   141 | D        | Noticed a shining eye
   141 | D        | Noticed a shining eye
   141 | D        | Noticed a shining eye
   141 | D        | Noticed a shining eye
   141 | D        | Noticed a shining eye
   141 | D        | Noticed a shining eye
   144 | D        | Reached XP level 8. HP: 37/37 MP: 9/9
   144 | D        | Noticed a shining eye
   144 | D        | Noticed a shining eye
   147 | D        | Reached skill level 19 in Stealth
   157 | D        | Killed a shining eye
   158 | D        | Reached skill level 20 in Stealth
   160 | D        | Killed a shining eye
   161 | D        | Reached skill level 21 in Stealth
   161 | D        | Reached XP level 9. HP: 40/40 MP: 10/10
   249 | D        | Killed a shining eye
   250 | D        | Reached skill level 22 in Stealth
   296 | D        | Killed a shining eye
   387 | D        | Killed a shining eye
   388 | D        | Reached skill level 23 in Stealth
   388 | D        | Reached skill level 15 in Evocations
   483 | D        | Killed a shining eye
   484 | D        | Reached skill level 15 in Dodging
   554 | D        | Killed a shining eye
   555 | D        | Reached skill level 24 in Stealth
   555 | D        | Reached XP level 10. HP: 44/44 MP: 11/11
   600 | D        | Killed a shining eye
   620 | D        | Found Wiggeebb's Antique Weapon Shop.
   620 | D        | Found Culo's Book Shoppe.
   620 | D        | Found Mockahug's Distillery.
   620 | D        | Found Tysoacis's Antique Weapon Emporium.
   661 | D        | Fell from the grace of Zin
   661 | D        | Became a worshipper of Gozag Ym Sagoz the Greedy
   727 | D        | Noticed a deep troll
   731 | D        | Killed a deep troll
   732 | D        | Reached skill level 25 in Stealth
   742 | D        | Found Guxorost's Armour Emporium.
   767 | D        | Noticed a centaur warrior
   768 | D        | Noticed a centaur warrior
   771 | D        | Killed a centaur warrior
   773 | D        | Killed a centaur warrior
   774 | D        | Reached skill level 26 in Stealth
   810 | D        | Noticed an oklob plant
   812 | D        | Killed an oklob plant
   879 | D        | Reached skill level 27 in Stealth
   883 | D        | Reached skill level 1 in Fighting
   883 | D        | Reached skill level 1 in Short Blades
   907 | D        | Reached XP level 11. HP: 39/49 MP: 12/12
   979 | D        | Identified the +3 scale mail of Impatience {Int+2}
   982 | D        | Identified the ring of Exhibitionism {rF+ Int+6 Dex+2}
   991 | D        | Found Giomm's Assorted Antiques.
   991 | D        | Found Wiuhocs's Book Emporium.
   991 | D        | Found Zygoris's Assorted Antiques.
   993 | D        | Found Rimexearch's Armour Boutique.
   993 | D        | Found Nuseomaurgh's General Store.
   993 | D        | Found Zizeop's Antique Weapon Shop.
   993 | D        | Found Ixtik's Jewellery Emporium.
   993 | D        | Found Qarioquf's General Store.
   993 | D        | Found Moucing's Weapon Shoppe.
   993 | D        | Found Hetaunt's Antique Armour Shop.
   996 | D        | Bought a scroll labelled BOENNO COFEISA for 24 gold pieces
   996 | D        | Bought a puce potion for 21 gold pieces
   996 | D        | Bought a scroll labelled PARERH ESTREAX for 24 gold pieces
   996 | D        | Bought a scroll labelled XOBUGUI CACHUPS for 24 gold pieces
   997 | D        | Bought a scroll labelled JOITRO XIODYX for 23 gold pieces
   997 | D        | Bought 2 fuming inky potions for 41 gold pieces
   997 | D        | Bought a black potion for 20 gold pieces
   997 | D        | Found Suofis's Magic Scroll Emporium.
   998 | D        | Found Pikleto's Armour Boutique.
   998 | D        | Found Wostrash's Distillery.
   999 | D        | Found Megov's Weapon Shop.
  1066 | D        | Bought a manual of Short Blades for 1040 gold pieces
  1118 | D        | Bought the +2 hood of the Assassin {Detect Stab+ Stlth++}
                  | for 1620 gold pieces
  1118 | D        | Found the +2 hood of the Assassin {Detect Stab+ Stlth++}
  1209 | D        | Bought a scroll of identify for 20 gold pieces
  1209 | D        | Bought a scroll of identify for 20 gold pieces
  1209 | D        | Bought a scroll of identify for 20 gold pieces
  1209 | D        | Bought a scroll of identify for 20 gold pieces
  1258 | D        | Acquired 1154 gold pieces
  1262 | D        | Found a burning altar of Makhleb.
  1262 | D        | Found a viscous altar of Jiyva.
  1262 | D        | Found a shimmering altar of Xom.
  1262 | D        | Found a corrupted altar of Lugonu.
  1314 | D        | Reached skill level 5 in Short Blades
  1479 | D        | Noticed a lorocyproca
  1514 | D        | Mangled by a lorocyproca

Illustrated notes

Levels and vault maps discovered:
D:        dungeon_sprint_1 [red_sonja_temple_1, red_sonja_temple_small_1]

Skill      XL: |  1  2  3  4  5  6  7  8  9 10 11 |
---------------+----------------------------------+-----
Dodging        | 4 6 8 9 11 12 13 15 17 18 | 18.3
Stealth        | 6 10 13 18 21 24 27 | 27.0
Evocations     | 5 7 9 12 13 15 17 19 | 19.2
Fighting       | 1 3 |  3.9
Short Blades   | 1 6 |  6.6

Action                     |  1- 3 |  4- 6 |  7- 9 | 10-12 || total
---------------------------+-------+-------+-------+-------++-------
  Melee: Dagger            |       |     3 |   380 |    69 ||   452
         Punch             |       |       |    13 |     2 ||    15
  Evoke: Wand              |     6 |     2 |       |    36 ||    44
    Use: Scroll            |       |       |       |     7 ||     7
         Potion            |       |       |       |     4 ||     4
   Stab: Sleeping          |       |     3 |     6 |    12 ||    21
  Dodge: Dodged            |       |       |       |    50 ||    50
